 Dungeon Crawl Stone Soup version 0.30-a0-462-gd5975efbca (webtiles) character file.

Game seed: 7652906000521620548

100 NinjaNoafa the Magician (level 5, -4/35 HPs)
             Began as a Djinni Earth Elementalist on Dec 16, 2022.
             Slain by a gnoll
             ... wielding a +0 halberd
              (11 damage)
             ... on level 2 of the Dungeon.
             The game lasted 00:04:59 (1662 turns).

NinjaNoafa the Magician (Djinni Earth Elementalist) Turns: 1662, Time: 00:05:00

Health: -4/35      AC:  2    Str:  7    XL:     5   Next: 3%
Gold:   56         EV: 12    Int: 19    God:
                   SH:  0    Dex: 13

rFire   + + .      SeeInvis .    j - +3 demon blade (venom)
rCold   x . .      Faith    .    (no shield)
rNeg    . . .      Spirit   .    a - +0 robe
rPois   ∞          Reflect  .    (helmet currently unavailable)
rElec   .          Harm     .    (no cloak)
rCorr   .          Rampage  .    (no gloves)
Will    .....                    (boots unavailable)
Stlth   ++........               (no amulet)
HPRegen 0.25/turn                (no ring)
MPRegen 0.00/turn                (no ring)

@: appendages (expiring), flying
A: horns 2, flying, sickness immunity, fire resistance 2, cold vulnerability 1,
float, innate caster, HP casting, extra vitality 1
a: End Transformation


You were on level 2 of the Dungeon.
You had temporarily grown beastly horns.
You visited 1 branch of the dungeon, and saw 2 of its levels.

You collected 56 gold pieces.

Inventory:

Hand Weapons
 j - a +3 demon blade of venom (weapon)
Missiles
 b - 19 stones
Armour
 a - a +0 robe (worn)
Scrolls
 c - a scroll of fear
 d - a scroll of vulnerability
 e - a scroll of magic mapping {unknown}
 k - a scroll of poison
 n - a scroll of blinking {unknown}
Potions
 f - a potion of curing
 g - a potion of might {unknown}
 h - a potion of invisibility {unknown}
 i - 2 potions of haste {unknown}
 l - a potion of attraction {unknown}
 m - a potion of lignification {unknown}


   Skills:
 - Level 2.1 Dodging
 - Level 1.5 Stealth
 + Level 4.1 Spellcasting


You couldn't memorise any spells.
You knew the following spells:

 Your Spells              Type           Power      Damage    Failure   Level
a - Sandblast             Erth           38%        2d10      2%          1
b - Passwall              Tmut/Erth      15%        N/A       3%          2
c - Stone Arrow           Conj/Erth      38%        3d9       8%          3
d - Petrify               Tmut/Erth      19%        N/A       24%         4
e - Beastly Appendage     Tmut           38%        N/A       2%          1
f - Ensorcelled Hibernat  Hex/Ice        38%        N/A       3%          2
Your spell library was empty.

Dungeon Overview and Level Annotations

Branches:
Dungeon (2/15)

Altars:

Shops:
D:2 ?


Innate Abilities, Weirdness & Mutations

You have temporarily grown beastly horns.
You are flying.
You are immune to sickness and miasma.
You are immune to poison.
Your flesh is very heat resistant. (rF++)
You are vulnerable to cold. (rC-)
You float through the air rather than walking.
You learn spells naturally, not from books.
Your magical power is your life essence.
You have superior vitality. (+4 MHP)


Message History

Casting: Passwall (safe; 3% risk of failure)
Confirm with . or Enter, or press ? or * to list all spells.
Aiming: Sandblast (safe; 2% risk of failure)
Press: ? - help, Shift-Dir - straight line, f - gnoll
Aim: a gnoll, wielding a +0 flail (84% to hit)
The blast of sand hits the gnoll!
The gnoll is severely wounded.
Casting: Sandblast (safe; 2% risk of failure)
Confirm with . or Enter, or press ? or * to list all spells.
Aiming: Sandblast (safe; 2% risk of failure)
Press: ? - help, Shift-Dir - straight line, f/p - gnoll
Aim: a gnoll, wielding a +0 flail (severely wounded, 84% to hit)
The blast of sand hits the gnoll!
You kill the gnoll!
Your transformation is almost over.
You have reached level 5!
The power to cast Ensorcelled Hibernation wells up from within.
Spell assigned to 'f'.
Casting: Sandblast (safe; 2% risk of failure)
Confirm with . or Enter, or press ? or * to list all spells.
You don't know that spell.
Casting: Sandblast (safe; 2% risk of failure)
Confirm with . or Enter, or press ? or * to list all spells.
Aiming: Ensorcelled Hibernation (safe; 3% risk of failure)
Press: ? - help, Shift-Dir - straight line, f - quokka
Aim: a quokka (chance to affect: 69%)
The quokka looks drowsy...
Casting: Ensorcelled Hibernation (safe; 3% risk of failure)
Confirm with . or Enter, or press ? or * to list all spells.
Aiming: Ensorcelled Hibernation (safe; 3% risk of failure)
Press: ? - help, Shift-Dir - straight line, f - gnoll, p - quokka
Aim: a gnoll, wielding a +0 flail (severely wounded, chance to affect: 61%)
The gnoll resists with significant effort.
The gnoll hits you with a +0 flail!
* * * LOW HITPOINT WARNING * * *
The gnoll closely misses you.
You closely miss the gnoll. Your headbutt misses the gnoll.
The gnoll is severely wounded.
The gnoll hits you from afar with a +0 halberd!
You die...

...# ###.......)P.....)...P.P....
...###......#######....#...♣.P###
.......#....# #....#.♣♣♣♣♣P##
...#####....# ##.......♣ ♣P.##
...# #....# ##......P.♣♣♣....
...# ##.>..## #...#####.♣♣...##
...## #......####.#.## #...♣..#
##..# #.####..##.....# ##.P♣.P#
##.###.#####.rg@....## #.P♣.##
#...........g##.....#####...### #
##.#...#####..........# #......
..##.#.gr.# ##.........###.####.
.......##.### #.#....##..#..##...
....).###...# #.#....###.#.##..##
##.##.# ###.# #.#....# #...<..###
#. #.# #.###......# #.#..#....
##.##.### #...##.#.#.###.#..<.##.


You could see 2 gnolls and a quokka.

Vanquished Creatures
  3 gnolls
  2 adders (D:2)
  2 worms (D:2)
  2 dart slugs (D:1)
  2 ball pythons (D:2)
  5 bats
  3 endoplasms (D:2)
  2 giant cockroaches (D:1)
  6 goblins
  2 hobgoblins (D:1)
  7 kobolds
  2 quokkas (D:2)
  3 frilled lizards
  4 rats
45 creatures vanquished.

Vanquished Creatures (others)
  A plant (D:2)
1 creature vanquished.

Grand Total: 46 creatures vanquished

Notes
Turn   | Place    | Note
-------+----------+-------------------------------------------
     0 | D:1      | NinjaNoafa the Djinni Earth Elementalist began the quest
                  | for the Orb.
     0 | D:1      | NinjaNoafa set off with the following spells memorised:
                  | Sandblast, Passwall, Stone Arrow, Petrify.
     0 | D:1      | Reached XP level 1. HP: 15/15 MP: 0/0
    86 | D:1      | Reached XP level 2. HP: 3/21 MP: 0/0
   352 | D:1      | Found a faded altar of an unknown god.
   408 | D:1      | Reached skill level 3 in Spellcasting
   408 | D:1      | Reached XP level 3. HP: 17/25 MP: 0/0
   408 | D:1      | Learned a level 1 spell: Beastly Appendage
  1111 | D:2      | Reached XP level 4. HP: 31/31 MP: 0/0
  1137 | D:2      | Found Affooli's Magic Scroll Boutique.
  1597 | D:2      | Reached skill level 4 in Spellcasting
  1659 | D:2      | Reached XP level 5. HP: 22/35 MP: 0/0
  1659 | D:2      | Learned a level 2 spell: Ensorcelled Hibernation
  1662 | D:2      | Slain by a gnoll

Illustrated notes

Levels and vault maps discovered:
D:1:      tekkud_arrival_beachfront_property, layout_loops_ring,
          chequers_ecumenical_altar_twisty, minmay_misc_feat_x
D:2:      layout_rooms, serial_forest, infiniplex_forest_clump_long,
          infiniplex_forest_clump_medium, infiniplex_forest_lined_room_2,
          infiniplex_forest_straight_2, infiniplex_forest_clump_tiny,
          infiniplex_forest_straight_4, infiniplex_forest_lined_ring,
          serial_shops, nicolae_diamond_shop, uniq_crazy_yiuf_cottage

Skill      XL: |  1  2  3  4 |
---------------+-------------+-----
Spellcasting   | 3 4 |  4.1
Dodging        | |  2.1
Stealth        | |  1.5

Action                   |  1- 3 |  4- 6 || total
-------------------------+-------+-------++-------
Melee: Dagger            |    15 |     5 ||    20
       Headbutt          |     1 |     2 ||     3
       Demon blade       |       |    29 ||    29
 Cast: Sandblast         |    33 |    12 ||    45
       Beastly Appendage |     6 |     5 ||    11
       Passwall          |     1 |     1 ||     2
       Ensorcelled Hiber |       |     2 ||     2
  Use: Scroll            |     3 |     1 ||     4
 Stab: Sleeping          |     1 |     2 ||     3
Armor: Robe              |    13 |     9 ||    22
Dodge: Dodged            |    33 |    27 ||    60

Table legend: (Time is in decaauts)
 A = Elapsed time spent in this place.
 B = Non-inter-level travel time spent in this place.
 C = Inter-level travel time spent in this place.
 D = Time resting spent in this place.
 E = Time spent auto-exploring this place.
 F = Levels seen in this place.
 G = Mean time per level.
                   A        B        C        D        E       F      G
               +--------+--------+--------+--------+--------+-----+--------+
         Total |   1691 |   1631 |     60 |      0 |   1257 |   2 |  845.5 |
       Dungeon |   1691 |   1631 |     60 |      0 |   1257 |   2 |  845.5 |
               +--------+--------+--------+--------+--------+-----+--------+

Top non-repeatable levels by time:
     D:1: 989 daAuts
     D:2: 702 daAuts
